 Dungeon Crawl Stone Soup version 0.17.0-23-g0de4337 (webtiles) character file.

1129 DrakieV the Skirmisher (level 8, -7/71 HPs)
             Began as a Pale Draconian Berserker on Nov 13, 2015.
             Was a Priest of Trog.
             Mangled by vible's ghost (18 damage)
             ... on level 6 of the Dungeon on Nov 14, 2015.
             The game lasted 00:15:20 (4974 turns).

DrakieV the Skirmisher (Pale Draconian Berserker)   Turns: 4974, Time: 00:15:20

Health: -7/71      AC:  8    Str: 26    XL:     8   Next: 13%
Magic:  8/8        EV: 14    Int:  8    God:    Trog [***...]
Gold:   397        SH:  0    Dex: 10    Spells: 0 memorised, 7 levels left

rFire  . . .     SeeInvis .     a - +0 falchion
rCold  . . .     Clarity  .     (armour unavailable)
rNeg   . . .     SustAt   .     (no shield)
rPois  .         Gourm    .     (helmet restricted)
rElec  .         Spirit   .     (no cloak)
rCorr  .         Warding  .     v - +0 pair of gloves
rMut   .         Stasis   .     d - +0 pair of boots
MR     ++...                    o - amulet of regeneration
Stlth  +.........               (no ring)
                                h - +4 ring of strength

@: exhausted, regenerating, slowed, very slow, very resistant to hostile
enchantments, very unstealthy
A: breathe steam, unfitting armour, cold-blooded, AC +6
a: Breathe Steam, Berserk, Trog's Hand, Burn Spellbooks, Renounce Religion


You were on level 6 of the Dungeon.
You worshipped Trog.
Trog was most pleased with you.
You were near starving.

You visited 1 branch of the dungeon, and saw 6 of its levels.

You collected 397 gold pieces.

Inventory:

Hand Weapons
 a - a +0 falchion (weapon)
Armour
 d - a +0 pair of boots (worn)
 v - a +0 pair of gloves (worn)
Jewellery
 h - a +4 ring of strength (left hand)
 o - an amulet of regeneration (around neck)
Wands
 e - a wand of digging (16)
Scrolls
 g - a scroll of remove curse
 l - a scroll of enchant weapon {unknown}
 w - a scroll of identify
 y - a scroll of random uselessness {unknown}
 A - 3 scrolls of fog {unknown}
Potions
 c - a potion of ambrosia
 f - 2 potions of curing
 k - a potion of haste {unknown}
 n - 2 potions of heal wounds
 p - a potion of lignification {unknown}
 q - 2 potions of might
 r - a potion of flight {unknown}
 s - a potion of berserk rage {unknown}
 t - 2 potions of agility
 u - a potion of poison {unknown}
 z - a potion of brilliance {unknown}
Comestibles
 b - 5 bread rations
 i - 6 meat rations
 j - 4 chunks of flesh
 m - 7 fruits
 x - a royal jelly


   Skills:
 + Level 6.7 Fighting
 + Level 6.6 Long Blades
 + Level 5.5 Dodging


You had 7 spell levels left.
You didn't know any spells.

Dungeon Overview and Level Annotations

Branches:
Dungeon (6/15)             Temple (0/1) D:6

Altars:
Cheibriados
Dithmenos
Kikubaaqudgha
Ru

Annotations:
D:6 vible's ghost, novice HOBe


Innate Abilities, Weirdness & Mutations

You can breathe blasts of scalding, opaque steam.
Your pale cyan-grey scales are hard (AC +6).
Your body does not fit into most forms of armour.
You are cold-blooded and may be slowed by cold attacks.


Message History

You hit vible's ghost.
Vible's ghost is severely damaged.
You hit vible's ghost.
Your tail-slap misses vible's ghost.
Vible's ghost is severely damaged.
Vible's ghost hits you!!
* * * LOW HITPOINT WARNING * * *
You are too berserk!
You feel a strong urge to attack something.
You are no longer berserk.
You are exhausted.
You feel yourself slow down.
You are feeling very hungry.
Drink which item? (? for menu, Esc to quit)
Okay, then.
Your skin crawls.
You feel resistant to hostile enchantments.
You are near starving!
You can no longer call in reinforcements.
Vible's ghost hits you!!
You die...

.### ####...#
..#######...##
##............#
....######...#####
#...#######......##
.....#.###.......#..
#######.................<
.............@W..........
.........#.............(.
...............).........
............###)......##.
..........### #.........
.......))## #%##....#...#
.......)[.# ..# ###.....#
........(.# ##.## #.....#
..........##...# ##..#..#


You could see vible's ghost.

Vanquished Creatures
  A sky beast (D:6)
  Duvessa (D:6)
  An ogre (D:5)
  Blork the orc (D:4)
  A giant frog (D:6)
  A scorpion (D:5)
  Dowan (D:6)
  A jelly (D:6)
  5 orc wizards
  Jessica (D:2)
  An iguana (D:4)
  3 orc priests
  2 worker ants
  A hound zombie (D:5)
  Robin (D:3)
  3 gnolls (D:2)
  6 adders
  An ooze (D:1)
  An adder skeleton (D:6)
  25 orcs
  8 bats
  14 goblins
  14 hobgoblins
  6 jackals
  5 quokkas
  A ball python (D:4)
  8 giant cockroaches
  4 giant geckos
  5 giant newts
  9 kobolds
  7 rats
139 creatures vanquished.

Notes
Turn   | Place    | Note
--------------------------------------------------------------
     0 | D:1      | DrakieV the Draconian Berserker began the quest for the Orb.
     0 | D:1      | Reached XP level 1. HP: 19/19 MP: 1/1
   268 | D:1      | Reached XP level 2. HP: 26/26 MP: 2/2
   624 | D:1      | You fall through a shaft!
   627 | D:2      | Reached XP level 3. HP: 33/33 MP: 3/3
   689 | D:2      | Reached ** piety under Trog
   853 | D:2      | Reached skill level 4 in Fighting
   857 | D:2      | Reached XP level 4. HP: 40/40 MP: 4/4
  1414 | D:2      | Noticed Jessica
  1421 | D:2      | Killed Jessica
  1507 | D:2      | Found a snail-covered altar of Cheibriados.
  1814 | D:3      | Noticed Robin
  1843 | D:3      | Reached XP level 5. HP: 41/47 MP: 5/5
  1902 | D:3      | Killed Robin
  2092 | D:3      | Found an ancient bone altar of Kikubaaqudgha.
  2164 | D:3      | Reached *** piety under Trog
  2849 | D:4      | Found a sacrificial altar of Ru.
  2874 | D:4      | Reached skill level 5 in Fighting
  2874 | D:4      | Reached skill level 5 in Long Blades
  2874 | D:4      | Reached XP level 6. HP: 28/56 MP: 6/6
  3273 | D:4      | Found a shadowy altar of Dithmenos.
  3293 | D:4      | Noticed Blork the orc
  3301 | D:4      | Killed Blork the orc
  3301 | D:4      | Reached **** piety under Trog
  3679 | D:4      | Your scales start taking on a pale cyan-grey colour.
  3679 | D:4      | Reached XP level 7. HP: 54/62 MP: 7/7
  3693 | D:4      | Upgraded the game from 0.17.0-22-g5edae84 to 0.17.0-23-g0de4337
  3777 | D:5      | Entered Level 5 of the Dungeon
  4153 | D:5      | Reached skill level 6 in Fighting
  4595 | D:6      | Found a staircase to the Ecumenical Temple.
  4633 | D:6      | Reached skill level 5 in Dodging
  4662 | D:6      | Noticed vible's ghost (novice HOBe)
  4892 | D:6      | Noticed Dowan
  4893 | D:6      | Noticed Duvessa
  4903 | D:6      | Killed Dowan
  4903 | D:6      | Reached XP level 8. HP: 71/71 MP: 8/8
  4908 | D:6      | Killed Duvessa
  4974 | D:6      | Mangled by vible's ghost

Action                   |  1- 3 |  4- 6 |  7- 9 || total
-------------------------+-------+-------+-------++-------
Melee: Falchion          |    96 |   287 |   120 ||   503
Invok: Berserk           |     1 |     6 |     5 ||    12
       Trog's Hand       |       |     3 |     5 ||     8
 Abil: Breathe Steam     |       |       |     1 ||     1
  Use: Scroll            |       |     7 |     5 ||    12
       Potion            |       |     1 |       ||     1
 Stab: Sleeping          |     1 |       |       ||     1
  Eat: Chunk             |       |    16 |     8 ||    24
       Royal jelly       |       |     1 |     1 ||     2
